 Dungeon Crawl Stone Soup version 0.26-a0-712-ga5a9c9c9d0 (webtiles) character file.

Game seed: 5395476479226635137

84 Azzok the Chopper (level 4, 35/35 HPs)
             Began as a Demonspawn Berserker on Nov 12, 2020.
             Was a Believer of Trog.
             Quit the game on level 2 of the Dungeon.
             The game lasted 00:01:26 (859 turns).

Azzok the Chopper (Demonspawn Berserker)             Turns: 859, Time: 00:01:27

Health: 35/35      AC: 12    Str: 18    XL:     4   Next: 24%
Magic:  4/4        EV:  5    Int:  8    God:    Trog [**....]
Gold:   139        SH:  3    Dex: 13    Spells: 3/3 levels left

rFire    . . .     SeeInvis .   b - +1 dagger (venom)
rCold    . . .     Faith    .   f - +0 buckler
rNeg     . . .     Spirit   .   e - +0 plate armour
rPois    .         Reflect  .   (helmet restricted)
rElec    .         Harm     .   (no cloak)
rCorr    .         Rampage  .   (no gloves)
MR       .....                  (no boots)
Stlth    ..........             (no amulet)
HPRegen  0.11/turn              (no ring)
MPRegen  0.09/turn              (no ring)

@: no status effects
A: horns 2, slimy green scales 1
a: Berserk, Trog's Hand, Renounce Religion


You were on level 2 of the Dungeon.
You worshipped Trog.
Trog was pleased with you.
You visited 1 branch of the dungeon, and saw 2 of its levels.

You collected 139 gold pieces.

Inventory:

Hand Weapons
 a - a +0 hand axe
 b - a +1 dagger of venom (weapon)
Armour
 e - a +0 plate armour (worn)
 f - a +0 buckler (worn)
Jewellery
 l - an uncursed ring of protection from fire {unknown}
Scrolls
 c - 3 scrolls of remove curse {unknown}
 d - a scroll of fear {unknown}
 h - 6 scrolls of identify {unknown}
 i - 2 scrolls of magic mapping {unknown}
 k - a scroll of enchant armour {unknown}
Potions
 g - a potion of lignification {unknown}
 j - a potion of invisibility {unknown}
 m - a potion of flight {unknown}
 n - a potion of haste {unknown}


   Skills:
 - Level 3.0 Fighting
 + Level 4.6 Axes
 - Level 1.7 Armour
 - Level 1.7 Dodging


You had 3 spell levels left.
You didn't know any spells.
Your spell library was empty.

Dungeon Overview and Level Annotations

Branches:
Dungeon (2/15)

Altars:


Innate Abilities, Weirdness & Mutations

You have a pair of horns on your head.
You are partially covered in slimy green scales. (AC +2)


Message History

A rat is nearby!
The rat bites you but does no damage.
Your plate armour prevents you from hitting the rat.
You headbutt the rat.
You kill the rat!
Trog accepts your kill.
Found a scroll labeled JADOKO DADU GAU.
You see here a rat corpse.
A hobgoblin comes into view.
The hobgoblin shouts!
You block the hobgoblin's attack.
You hit the hobgoblin.
The hobgoblin is severely wounded.
The hobgoblin hits you but does no damage.
You hit the hobgoblin.
You kill the hobgoblin!
Trog accepts your kill.
Are you sure you want to abandon this character and quit the game? (Confirm with "yes".)
Okay, then.
Are you sure you want to abandon this character and quit the game? (Confirm with "yes".)

▒▒▒··········
▒··········
▒·····<····
▒·········· ▒▒▒
··········▒· ▒▒▒▒··
··▒▒▒▒·▒▒····
▒····▒▒▒▒▒ ▒·······
▒?····▒ ▒▒··▒·▒·
▒··@··▒ ▒··▒·▒·
▒·····▒▒▒▒ ·····▒·
▒········▒▒·▒▒▒·▒▒▒·
▒·····▒▒·▒··▒ ▒·▒▒▒▒
▒·····▒ ····▒▒····▒
▒▒▒·▒▒▒ ▒▒········
▒†▒ ▒ ▒·······
▒·▒▒·· ▒·······
▒·▒▒(▒ ▒▒▒·······


There were no monsters in sight!

Vanquished Creatures
  Terence (D:2)
  An adder (D:2)
  An ooze (D:2)
  A worm (D:2)
  A dart slug (D:1)
  5 hobgoblins
  6 jackals (D:2)
  5 bats (D:1)
  A frilled lizard (D:2)
  8 goblins (D:1)
  3 kobolds
  6 rats
39 creatures vanquished.

Notes
Turn   | Place    | Note
-------+----------+-------------------------------------------
     0 | D:1      | Azzok the Demonspawn Berserker began the quest for the Orb.
     0 | D:1      | Reached XP level 1. HP: 18/18 MP: 1/1
   114 | D:1      | Reached skill level 3 in Axes
   129 | D:1      | Gained mutation: You have a pair of small horns on your
                  | head. [demonic ancestry]
   129 | D:1      | Reached XP level 2. HP: 21/24 MP: 2/2
   367 | D:1      | Reached ** piety under Trog
   554 | D:2      | Gained mutation: You are partially covered in slimy green
                  | scales. (AC +2) [demonic ancestry]
   554 | D:2      | Reached XP level 3. HP: 29/29 MP: 3/3
   632 | D:2      | Noticed Terence
   648 | D:2      | Reached skill level 4 in Axes
   669 | D:2      | Killed Terence
   669 | D:2      | Gained mutation: You have a pair of horns on your head.
                  | [demonic ancestry]
   669 | D:2      | Reached XP level 4. HP: 26/35 MP: 4/4
   859 | D:2      | Quit the game

Illustrated notes

Levels and vault maps discovered:
D:1:      dpeg_arrival_rooms_with_view, layout_rooms
D:2:      layout_rooms, doesnt_xom_only_xom, uniq_terence

Skill      XL: |  1  2  3 |
---------------+----------+-----
Axes           | 3 4 |  4.6
Fighting       | |  3.0
Armour         | |  1.7
Dodging        | |  1.7

Action                   |  1- 3 |  4- 6 || total
-------------------------+-------+-------++-------
Melee: Hand axe          |    13 |       ||    13
       Dagger            |    71 |    17 ||    88
       Headbutt          |    16 |     2 ||    18
Armor: Plate armour      |    65 |    16 ||    81
       Animal skin       |     2 |       ||     2
Dodge: Dodged            |    22 |     3 ||    25
Block: Buckler           |     8 |     3 ||    11

Table legend: (Time is in decaauts)
 A = Elapsed time spent in this place.
 B = Non-inter-level travel time spent in this place.
 C = Inter-level travel time spent in this place.
 D = Time resting spent in this place.
 E = Time spent auto-exploring this place.
 F = Levels seen in this place.
 G = Mean time per level.
                   A        B        C        D        E       F      G
               +--------+--------+--------+--------+--------+-----+--------+
         Total |    863 |    846 |     17 |     75 |    493 |   2 |  431.5 |
       Dungeon |    863 |    846 |     17 |     75 |    493 |   2 |  431.5 |
               +--------+--------+--------+--------+--------+-----+--------+

Top non-repeatable levels by time:
     D:1: 552 daAuts
     D:2: 310 daAuts
